Hurricanes vs Senators

Created - February 15, 2015 at 10:17

Goals
1 2 3 OT1 T
Hurricanes 0 2 1 0 3
Senators 0 3 0 1 4
Shots
1 2 3 OT1 T
Hurricanes 5 5 9 0 19
Senators 17 17 15 1 50

1st period

No Goal

Penalties :
Jared Cowen (OTT) for Hooking (Minor) at 3:04, Ben Lovejoy (CAR) for Tripping (Minor) at 7:56

2nd period

1. Senators , Sidney Crosby 33 (Martin St. Louis, Duncan Keith) at 2:26
2. Senators , Pavel Datsyuk 26 (Patrick Sharp, Frans Nielsen) at 4:29
3. Hurricanes , Michael Frolik 13 (Nick Foligno, Dustin Byfuglien) at 9:28
4. Hurricanes , James Neal 34 (Dustin Byfuglien, Blake Wheeler) at 11:05
5. Senators , Patrick Sharp 31 (Pavel Datsyuk, Duncan Keith) at 18:59

Penalties :
Dave Bolland (OTT) for Slashing (Minor) at 1:22, Blake Wheeler (CAR) for Elbowing (Minor) at 1:22, Sidney Crosby (OTT) for Hooking (Minor) at 4:40, James Neal (CAR) for Slashing (Minor) at 12:20, Dustin Byfuglien (CAR) for Tripping (Minor) at 13:44, Dustin Byfuglien (CAR) for Holding (Minor) at 16:06, Blake Wheeler (CAR) for Cross-checking (Minor) at 16:35, Blake Wheeler (CAR) for Holding (Minor) at 19:36

3rd period

6. Hurricanes , Patrick Maroon 5 (Brandon McMillan, Raphael Diaz) at 17:23

Penalties :
James Neal (CAR) for Holding (Minor) at 2:04, Dustin Byfuglien (CAR) for Interference (Minor) at 8:20, Jan Hejda (OTT) for Slashing (Minor) at 17:55

Overtime #1

7. Senators , Sidney Crosby 34 (Martin St. Louis, Marc Staal) at 0:41

Penalties :
No Penalty

Goalie Stats

Chad Johnson (CAR), 46 saves from 50 shots - (0.920), OTL, 4-6-2, 60:42 minutes
Carey Price (OTT), 16 saves from 19 shots - (0.842), W, 37-7-2, 60:42 minutes

Players Stats for Hurricanes

Player Name              G  A  P  +/- PIM S  H  SB GA TA FO     MP     PP MP  PK MP  
------------------------------------------------------------------------------------
Alex Chiasson            0  0  0   1  0   0  0  0  0  0  0/1    10:06   0:00   0:00 
Ben Lovejoy              0  0  0  -1  2   0  1  2  0  0  0/0    21:31   2:47   3:58 
Blake Wheeler            0  1  1   0  6   0  1  1  0  0  2/8    21:16   3:16   4:33 
Brad Richardson          0  0  0   1  0   0  0  0  0  0  10/17  12:47   0:00   0:00 
Brandon McMillan         0  1  1   0  0   0  1  0  0  0  5/10   11:03   0:00   0:38 
Brian Boyle              0  0  0   0  0   1  2  0  0  0  4/15   12:28   3:16   6:04 
Brooks Orpik             0  0  0   0  0   0  8  5  0  0  0/0    22:07   0:00   7:40 
Derek Roy                0  0  0  -1  0   0  0  0  0  0  10/26  18:16   2:41   2:02 
Dustin Byfuglien         0  2  2  -1  6   5  3  2  0  0  0/0    23:11   3:10   4:08 
James Neal               1  0  1   1  4   2  0  0  0  0  3/6    21:56   3:16   1:07 
James Wisniewski         0  0  0   0  0   2  0  5  0  0  0/0    25:12   2:47   6:50 
Kevin Czuczman           0  0  0   0  0   0  4  1  0  0  0/0    17:45   3:10   3:59 
Michael Frolik           1  0  1  -1  0   6  0  0  0  0  1/1    20:38   2:41   5:41 
Nick Foligno             0  1  1  -3  0   2  2  1  0  0  0/3    21:44   2:41   5:23 
Patrick Maroon           1  0  1   1  0   1  2  0  0  0  0/0    10:06   0:00   0:00 
Raphael Diaz             0  1  1   0  0   0  2  4  0  0  0/0    11:34   0:00   0:58 
Ryan Wilson              0  0  0   0  0   0  0  0  0  0  0/0     0:00   0:00   0:00 
Valeri Nichushkin        0  0  0   0  0   0  0  0  0  0  0/0     3:08   0:00   0:00 

Players Stats for Senators

Player Name              G  A  P  +/- PIM S  H  SB GA TA FO     MP     PP MP  PK MP  
------------------------------------------------------------------------------------
Dave Bolland             0  0  0  -2  2   3  4  0  0  0  7/17   15:41   0:00   3:20 
Duncan Keith             0  2  2   1  0   3  0  2  0  0  0/0    26:12   6:33   4:12 
Erik Gustafsson          0  0  0   0  0   2  0  0  0  0  0/0     7:26   7:14   0:12 
Frans Nielsen            0  1  1   1  0   4  0  0  0  0  17/28  18:23   7:23   0:00 
Gustav Nyquist           0  0  0   0  0   5  4  0  0  0  0/1    22:34   6:24   0:00 
Jan Hejda                0  0  0   1  2   1  2  0  0  0  0/0    15:18   0:00   3:02 
Jared Cowen              0  0  0  -1  2   3  3  3  0  0  0/0    14:13   0:27   1:46 
Lubomir Visnovsky        0  0  0   1  0   1  0  1  0  0  0/0    23:13   6:33   0:00 
Marc Staal               0  1  1   2  0   4  0  1  0  0  0/0    21:01   6:47   0:00 
Mark Stone               0  0  0   0  0   0  0  0  0  0  0/0     6:40   0:00   3:20 
Martin St. Louis         0  2  2   2  0   6  0  0  0  0  2/3    22:45   6:24   0:00 
Mason Raymond            0  0  0  -2  0   3  0  0  0  0  1/1    12:22   0:00   0:00 
Mika Zibanejad           0  0  0  -2  0   0  2  0  0  0  0/0    11:39   0:00   2:37 
Patrick Sharp            1  1  2   1  0   8  2  0  0  0  2/2    19:38   7:23   0:00 
Pavel Datsyuk            1  1  2   1  0   2  0  0  0  0  3/4    21:00   7:23   2:37 
Ron Hainsey              0  0  0  -2  0   0  0  2  0  0  0/0    13:59   0:00   2:42 
Sidney Crosby            2  0  2   2  2   5  0  1  0  0  20/31  22:44   6:24   0:00 
Travis Moen              0  0  0   0  0   0  0  0  0  0  0/0     0:00   0:00   0:00 

3 Stars

1 - Sidney Crosby (OTT)
2 - Patrick Sharp (OTT)
3 - Pavel Datsyuk (OTT)

Power Play

Hurricanes - 0 on 3 Attempt(s) - 0.00%
Senators - 0 on 8 Attempt(s) - 0.00%

Penalty Kill

Hurricanes - 8 on 8 Attempt(s) - 100.00% - Score 0 goal in Penalty Kill
Senators - 3 on 3 Attempt(s) - 100.00% - Score 0 goal in Penalty Kill

Team Stat

Hurricanes - Hits : 26 - Faceoff Wins : 35 - Blocked Shots : 21 - Penalty Minutes : 18
Senators - Hits : 17 - Faceoff Wins : 52 - Blocked Shots : 10 - Penalty Minutes : 8

Official

Referees : Frederick L'Ecuyer and Eric Furlatt
Linesman : Mike Cvik and Ryan Galloway

Game Notes

No Game Note

Finance

Level 1 -- Attendance: 5941 (91.40%) -- Ticket Income $594,100
Level 2 -- Attendance: 4924 (98.48%) -- Ticket Income $295,440
Level 3 -- Attendance: 3500 (100.00%) -- Ticket Income $122,500
Level 4 -- Attendance: 3021 (95.81%) -- Ticket Income $90,630
Luxury Box -- Attendance: 638 (63.80%) -- Ticket Income $159,500
Game was played at the Canadian Tire Centre'
Total Attendance: 18024 (94.11%)
Total Ticket Income: $1,262,170
Other Income: $189,326
Total Income: $1,451,496

% Time on Ice - Hurricanes

Lines # - Real PCT - Wanted PCT - Time Play
Normal Forward
1 - 33% - 38% - 12:47
2 - 32% - 35% - 12:16
3 - 8% - 17% - 3:08
4 - 26% - 10% - 10:06
Normal Defense
1 - 35% - 35% - 13:23
2 - 34% - 35% - 13:10
3 - 28% - 17% - 10:36
4 - 3% - 13% - 1:08
PP Forward
1 - 55% - 57% - 3:16
2 - 45% - 43% - 2:41
PP Defense
1 - 47% - 50% - 2:47
2 - 53% - 50% - 3:10
PK Forward
1 - 51% - 50% - 6:01
2 - 49% - 50% - 5:41
PK Defense
1 - 41% - 50% - 4:50
2 - 59% - 50% - 6:52
PK3 Forward
1 - 82% - 60% - 1:42
2 - 18% - 40% - 0:23
PK3 Defense
1 - 80% - 60% - 1:40
2 - 20% - 40% - 0:25
44 Forward
1 - 48% - 50% - 1:17
2 - 52% - 50% - 1:24
44 Defense
1 - 48% - 50% - 1:17
2 - 52% - 50% - 1:24
Last Minute Offensive  - 0:00
Last Minute Defensive  - 0:00
Total
Forward - 60:42
Defense - 60:42

% Time on Ice - Senators

Lines # - Real PCT - Wanted PCT - Time Play
Normal Forward
1 - 39% - 40% - 14:55
2 - 29% - 30% - 11:00
3 - 24% - 20% - 9:02
4 - 9% - 10% - 3:20
Normal Defense
1 - 38% - 38% - 14:43
2 - 32% - 32% - 12:17
3 - 22% - 20% - 8:34
4 - 7% - 10% - 2:43
PP Forward
1 - 46% - 50% - 6:24
2 - 54% - 50% - 7:23
PP Defense
1 - 48% - 50% - 6:33
2 - 52% - 50% - 7:14
PK Forward
1 - 56% - 50% - 3:20
2 - 44% - 50% - 2:37
PK Defense
1 - 45% - 50% - 2:42
2 - 55% - 50% - 3:15
PK3 Forward
1 - 0% - 50%
2 - 0% - 50%
PK3 Defense
1 - 0% - 50%
2 - 0% - 50%
44 Forward
1 - 53% - 52% - 1:26
2 - 47% - 48% - 1:15
44 Defense
1 - 73% - 52% - 1:57
2 - 27% - 48% - 0:44
Last Minute Offensive  - 0:00
Last Minute Defensive  - 0:00
Total
Forward - 60:42
Defense - 60:42

Play by Play

1st period


0:01 of 1st period - Sidney Crosby wins face-off versus Brad Richardson in neutral zone.
0:28 of 1st period - Shot by Martin St. Louis.
0:28 of 1st period - Shot Hit the Post.
0:30 of 1st period - Shot by Duncan Keith.
0:30 of 1st period - Shot Misses the Net.
0:32 of 1st period - Shot by Sidney Crosby.
0:32 of 1st period - Shot Misses the Net.
0:56 of 1st period - Shot by Frans Nielsen.
0:56 of 1st period - Shot Misses the Net.
1:20 of 1st period - Shot by Patrick Sharp.
1:20 of 1st period - Shot Misses the Net.
1:22 of 1st period - Shot by Pavel Datsyuk.
1:22 of 1st period - Shot Blocked by Blake Wheeler.
2:13 of 1st period - Off-side.
2:14 of 1st period - Brandon McMillan wins face-off versus Sidney Crosby in neutral zone.
2:20 of 1st period - Icing by Duncan Keith.
2:21 of 1st period - Brandon McMillan wins face-off versus Sidney Crosby in Senators zone.
2:38 of 1st period - Shot by Sidney Crosby.
2:38 of 1st period - Stopped by Chad Johnson without a rebound.
2:39 of 1st period - Derek Roy wins face-off versus Dave Bolland in Hurricanes zone.
2:39 of 1st period - Derek Roy is hit by Dave Bolland.
2:56 of 1st period - Michael Frolik is hit by Jared Cowen and loses puck.
3:04 of 1st period - Minor Penalty to Jared Cowen for Hooking.
3:05 of 1st period - Derek Roy wins face-off versus Pavel Datsyuk in Senators zone.
3:16 of 1st period - Shot by Dustin Byfuglien.
3:16 of 1st period - Stopped by Carey Price with a rebound.
3:18 of 1st period - Shot by Kevin Czuczman.
3:18 of 1st period - Shot Blocked by Duncan Keith.
3:20 of 1st period - Shot by Michael Frolik.
3:20 of 1st period - Shot Blocked by Duncan Keith.
3:22 of 1st period - Shot by Dustin Byfuglien.
3:22 of 1st period - Shot Hit the Post.
3:24 of 1st period - Shot by Michael Frolik.
3:24 of 1st period - Stopped by Carey Price without a rebound.
3:25 of 1st period - Brian Boyle wins face-off versus Dave Bolland in Senators zone.
4:24 of 1st period - Shot by Michael Frolik.
4:24 of 1st period - Stopped by Carey Price without a rebound.
4:25 of 1st period - Derek Roy wins face-off versus Dave Bolland in Senators zone.
4:26 of 1st period - Shot by Dustin Byfuglien.
4:26 of 1st period - Stopped by Carey Price without a rebound.
4:27 of 1st period - Michael Frolik wins face-off versus Dave Bolland in Senators zone.
4:44 of 1st period - Shot by Dustin Byfuglien.
4:44 of 1st period - Deflect By Michael Frolik.
4:44 of 1st period - Stopped by Carey Price without a rebound.
4:45 of 1st period - Dave Bolland wins face-off versus Brian Boyle in Senators zone.
4:54 of 1st period - James Wisniewski is hit by Mika Zibanejad and loses puck.
5:18 of 1st period - Martin St. Louis is hit by Kevin Czuczman and loses puck.
5:32 of 1st period - Shot by Sidney Crosby.
5:32 of 1st period - Shot Misses the Net.
5:44 of 1st period - Shot by Martin St. Louis.
5:44 of 1st period - Shot Hit the Post.
5:46 of 1st period - Shot by Jared Cowen.
5:46 of 1st period - Stopped by Chad Johnson without a rebound.
5:47 of 1st period - Derek Roy wins face-off versus Frans Nielsen in Hurricanes zone.
5:56 of 1st period - Shot by Patrick Sharp.
5:56 of 1st period - Stopped by Chad Johnson with a rebound.
7:09 of 1st period - Mason Raymond is hit by Dustin Byfuglien and loses puck.
7:37 of 1st period - Mason Raymond is hit by Dustin Byfuglien and loses puck.
7:56 of 1st period - Minor Penalty to Ben Lovejoy for Tripping.
7:57 of 1st period - Blake Wheeler wins face-off versus Martin St. Louis in Hurricanes zone.
8:58 of 1st period - Brian Boyle is hit by Jared Cowen and loses puck.
9:03 of 1st period - Shot by Patrick Sharp.
9:03 of 1st period - Shot Misses the Net.
9:05 of 1st period - Shot by Erik Gustafsson.
9:05 of 1st period - Shot Hit the Post.
9:07 of 1st period - Shot by Pavel Datsyuk.
9:07 of 1st period - Shot Blocked by James Wisniewski.
9:09 of 1st period - Shot by Frans Nielsen.
9:09 of 1st period - Stopped by Chad Johnson with a rebound.
9:11 of 1st period - Shot by Patrick Sharp.
9:11 of 1st period - Shot Blocked by James Wisniewski.
9:13 of 1st period - Shot by Pavel Datsyuk.
9:13 of 1st period - Shot Misses the Net.
9:15 of 1st period - Shot by Jared Cowen.
9:15 of 1st period - Stopped by Chad Johnson without a rebound.
9:16 of 1st period - Frans Nielsen wins face-off versus Blake Wheeler in Hurricanes zone.
10:01 of 1st period - Jared Cowen is hit by Brandon McMillan and loses puck.
10:20 of 1st period - Shot by Mason Raymond.
10:20 of 1st period - Stopped by Chad Johnson with a rebound.
10:22 of 1st period - Shot by Dave Bolland.
10:22 of 1st period - Stopped by Chad Johnson without a rebound.
10:23 of 1st period - Sidney Crosby wins face-off versus Brian Boyle in Hurricanes zone.
11:01 of 1st period - Shot by Gustav Nyquist.
11:01 of 1st period - Shot Misses the Net.
11:03 of 1st period - Shot by Martin St. Louis.
11:03 of 1st period - Stopped by Chad Johnson without a rebound.
11:04 of 1st period - Frans Nielsen wins face-off versus Derek Roy in Hurricanes zone.
11:15 of 1st period - Shot by Pavel Datsyuk.
11:15 of 1st period - Shot Blocked by Ben Lovejoy.
11:17 of 1st period - Shot by Patrick Sharp.
11:17 of 1st period - Stopped by Chad Johnson without a rebound.
11:18 of 1st period - Dave Bolland wins face-off versus Brandon McMillan in Hurricanes zone.
11:30 of 1st period - Shot by Mason Raymond.
11:30 of 1st period - Shot Misses the Net.
11:32 of 1st period - Shot by Marc Staal.
11:32 of 1st period - Shot Blocked by James Wisniewski.
11:42 of 1st period - Shot by Mason Raymond.
11:42 of 1st period - Deflect By Dave Bolland.
11:42 of 1st period - Stopped by Chad Johnson without a rebound.
11:43 of 1st period - James Neal wins face-off versus Gustav Nyquist in Hurricanes zone.
12:22 of 1st period - Icing by Sidney Crosby.
12:23 of 1st period - Martin St. Louis wins face-off versus Derek Roy in Senators zone.
12:28 of 1st period - Shot by Sidney Crosby.
12:28 of 1st period - Shot Misses the Net.
12:30 of 1st period - Shot by Lubomir Visnovsky.
12:30 of 1st period - Deflect By Sidney Crosby.
12:30 of 1st period - Shot Misses the Net.
12:52 of 1st period - Shot by Pavel Datsyuk.
12:52 of 1st period - Shot Misses the Net.
13:24 of 1st period - Shot by Patrick Sharp.
13:24 of 1st period - Shot Misses the Net.
13:26 of 1st period - Shot by Pavel Datsyuk.
13:26 of 1st period - Stopped by Chad Johnson with a rebound.
13:28 of 1st period - Shot by Marc Staal.
13:28 of 1st period - Shot Misses the Net.
14:50 of 1st period - Icing by Raphael Diaz.
14:51 of 1st period - Sidney Crosby wins face-off versus Brandon McMillan in Hurricanes zone.
15:27 of 1st period - Shot by Sidney Crosby.
15:27 of 1st period - Stopped by Chad Johnson with a rebound.
15:30 of 1st period - Icing by Patrick Maroon.
15:31 of 1st period - Frans Nielsen wins face-off versus Brandon McMillan in Hurricanes zone.
15:31 of 1st period - Frans Nielsen is hit by Kevin Czuczman.
15:45 of 1st period - Shot by Frans Nielsen.
15:45 of 1st period - Stopped by Chad Johnson without a rebound.
15:46 of 1st period - Brad Richardson wins face-off versus Frans Nielsen in Hurricanes zone.
15:54 of 1st period - Off-side.
15:55 of 1st period - Sidney Crosby wins face-off versus Brad Richardson in neutral zone.
15:58 of 1st period - Shot by Duncan Keith.
15:58 of 1st period - Stopped by Chad Johnson without a rebound.
15:59 of 1st period - Sidney Crosby wins face-off versus Brad Richardson in Hurricanes zone.
16:19 of 1st period - Icing by Lubomir Visnovsky.
16:20 of 1st period - Sidney Crosby wins face-off versus Derek Roy in Senators zone.
16:33 of 1st period - Shot by Sidney Crosby.
16:33 of 1st period - Deflect By Martin St. Louis.
16:33 of 1st period - Stopped by Chad Johnson without a rebound.
16:34 of 1st period - Brad Richardson wins face-off versus Frans Nielsen in Hurricanes zone.
16:34 of 1st period - Brad Richardson is hit by Patrick Sharp.
16:37 of 1st period - Icing by Blake Wheeler.
16:38 of 1st period - Brad Richardson wins face-off versus Frans Nielsen in Hurricanes zone.
17:01 of 1st period - Patrick Sharp is hit by Brooks Orpik and loses puck.
17:04 of 1st period - Shot by Pavel Datsyuk.
17:04 of 1st period - Shot Misses the Net.
17:06 of 1st period - Shot by Patrick Sharp.
17:06 of 1st period - Stopped by Chad Johnson without a rebound.
17:07 of 1st period - Derek Roy wins face-off versus Sidney Crosby in Hurricanes zone.
17:07 of 1st period - Derek Roy is hit by Gustav Nyquist.
19:22 of 1st period - Shot by Dave Bolland.
19:22 of 1st period - Stopped by Chad Johnson without a rebound.
19:23 of 1st period - Sidney Crosby wins face-off versus Brian Boyle in Hurricanes zone.
Goals for this period are 0 for Hurricanes vs 0 for Senators.
Shots for this period are 5 for Hurricanes vs 17 for Senators.

2nd period


0:01 of 2nd period - Sidney Crosby wins face-off versus Brad Richardson in neutral zone.
0:06 of 2nd period - James Wisniewski is hit by Gustav Nyquist and loses puck.
0:27 of 2nd period - Shot by Blake Wheeler.
0:27 of 2nd period - Shot Blocked by Jared Cowen.
0:29 of 2nd period - Shot by Brad Richardson.
0:29 of 2nd period - Shot Misses the Net.
0:31 of 2nd period - Shot by Dustin Byfuglien.
0:31 of 2nd period - Deflect By James Neal.
0:31 of 2nd period - Stopped by Carey Price without a rebound.
0:32 of 2nd period - Dave Bolland wins face-off versus Derek Roy in Senators zone.
0:45 of 2nd period - Shot by Mason Raymond.
0:45 of 2nd period - Shot Misses the Net.
0:47 of 2nd period - Shot by Mason Raymond.
0:47 of 2nd period - Stopped by Chad Johnson with a rebound.
0:55 of 2nd period - Michael Frolik is hit by Mika Zibanejad.
1:11 of 2nd period - Icing by Duncan Keith.
1:12 of 2nd period - Brad Richardson wins face-off versus Dave Bolland in Senators zone.
1:22 of 2nd period - Minor Penalty to Dave Bolland for Slashing.
1:22 of 2nd period - Minor Penalty to Blake Wheeler for Elbowing.
1:23 of 2nd period - Sidney Crosby wins face-off versus Nick Foligno in neutral zone.
1:41 of 2nd period - Shot by Nick Foligno.
1:41 of 2nd period - Shot Blocked by Jared Cowen.
1:43 of 2nd period - Shot by Ben Lovejoy.
1:43 of 2nd period - Shot Blocked by Sidney Crosby.
1:45 of 2nd period - Shot by Nick Foligno.
1:45 of 2nd period - Stopped by Carey Price without a rebound.
1:46 of 2nd period - Patrick Sharp wins face-off versus James Neal in Senators zone.
1:57 of 2nd period - Shot by Gustav Nyquist.
1:57 of 2nd period - Shot Blocked by James Wisniewski.
1:59 of 2nd period - Shot by Marc Staal.
1:59 of 2nd period - Shot Misses the Net.
2:07 of 2nd period - Shot by Patrick Sharp.
2:07 of 2nd period - Stopped by Chad Johnson without a rebound.
2:08 of 2nd period - Sidney Crosby wins face-off versus Nick Foligno in Hurricanes zone.
2:26 of 2nd period - Shot by Martin St. Louis.
2:26 of 2nd period - Deflect By Sidney Crosby.
2:26 of 2nd period - Goal by Sidney Crosby - Hurricanes : 0 - Senators : 1.
2:27 of 2nd period - Patrick Sharp wins face-off versus Derek Roy in neutral zone.
3:26 of 2nd period - Jared Cowen is hit by Patrick Maroon and loses puck.
3:33 of 2nd period - Shot by Mika Zibanejad.
3:33 of 2nd period - Shot Misses the Net.
3:53 of 2nd period - Shot by Dave Bolland.
3:53 of 2nd period - Deflect By Mason Raymond.
3:53 of 2nd period - Shot Misses the Net.
4:29 of 2nd period - Shot by Pavel Datsyuk.
4:29 of 2nd period - Goal by Pavel Datsyuk - Hurricanes : 0 - Senators : 2.
4:30 of 2nd period - Brad Richardson wins face-off versus Sidney Crosby in neutral zone.
4:40 of 2nd period - Minor Penalty to Sidney Crosby for Hooking.
4:41 of 2nd period - Dave Bolland wins face-off versus Brian Boyle in Senators zone.
5:17 of 2nd period - Jan Hejda is hit by Brian Boyle.
5:37 of 2nd period - Pavel Datsyuk is hit by Nick Foligno and loses puck.
5:42 of 2nd period - Shot by Dustin Byfuglien.
5:42 of 2nd period - Stopped by Carey Price without a rebound.
5:43 of 2nd period - Dave Bolland wins face-off versus Derek Roy in Senators zone.
5:43 of 2nd period - Dave Bolland is hit by Nick Foligno.
6:17 of 2nd period - Shot by Dustin Byfuglien.
6:17 of 2nd period - Shot Misses the Net.
6:19 of 2nd period - Shot by Nick Foligno.
6:19 of 2nd period - Shot Misses the Net.
6:21 of 2nd period - Shot by Michael Frolik.
6:21 of 2nd period - Shot Misses the Net.
6:57 of 2nd period - Icing by James Wisniewski.
6:58 of 2nd period - Frans Nielsen wins face-off versus Brandon McMillan in Hurricanes zone.
6:58 of 2nd period - Frans Nielsen is hit by Brooks Orpik.
7:43 of 2nd period - Duncan Keith is hit by Raphael Diaz and loses puck.
7:56 of 2nd period - Shot by Marc Staal.
7:56 of 2nd period - Shot Blocked by Kevin Czuczman.
7:58 of 2nd period - Shot by Jan Hejda.
7:58 of 2nd period - Shot Misses the Net.
8:09 of 2nd period - Gustav Nyquist is hit by Raphael Diaz and loses puck.
8:13 of 2nd period - Gustav Nyquist is hit by Kevin Czuczman and loses puck.
8:29 of 2nd period - Martin St. Louis is hit by Kevin Czuczman and loses puck.
8:54 of 2nd period - Shot by Dustin Byfuglien.
8:54 of 2nd period - Shot Misses the Net.
9:24 of 2nd period - Shot by Nick Foligno.
9:24 of 2nd period - Shot Misses the Net.
9:26 of 2nd period - Shot by Nick Foligno.
9:26 of 2nd period - Shot Misses the Net.
9:28 of 2nd period - Shot by Michael Frolik.
9:28 of 2nd period - Goal by Michael Frolik - Hurricanes : 1 - Senators : 2.
9:29 of 2nd period - Brandon McMillan wins face-off versus Frans Nielsen in neutral zone.
9:59 of 2nd period - Icing by James Wisniewski.
10:00 of 2nd period - Brandon McMillan wins face-off versus Sidney Crosby in Hurricanes zone.
10:00 of 2nd period - Brandon McMillan is hit by Gustav Nyquist.
10:19 of 2nd period - Brooks Orpik is hit by Jan Hejda.
10:45 of 2nd period - Shot by Gustav Nyquist.
10:45 of 2nd period - Stopped by Chad Johnson without a rebound.
10:46 of 2nd period - Brad Richardson wins face-off versus Frans Nielsen in Hurricanes zone.
10:46 of 2nd period - Brad Richardson is hit by Patrick Sharp.
10:49 of 2nd period - Icing by Dustin Byfuglien.
10:50 of 2nd period - Frans Nielsen wins face-off versus Brad Richardson in Hurricanes zone.
11:05 of 2nd period - Shot by James Neal.
11:05 of 2nd period - Goal by James Neal - Hurricanes : 2 - Senators : 2.
11:06 of 2nd period - Derek Roy wins face-off versus Dave Bolland in neutral zone.
11:26 of 2nd period - Icing by Raphael Diaz.
11:27 of 2nd period - Sidney Crosby wins face-off versus Derek Roy in Hurricanes zone.
12:11 of 2nd period - Shot by Martin St. Louis.
12:11 of 2nd period - Shot Misses the Net.
12:20 of 2nd period - Minor Penalty to James Neal for Slashing.
12:21 of 2nd period - Frans Nielsen wins face-off versus Brian Boyle in Hurricanes zone.
12:52 of 2nd period - Shot by Duncan Keith.
12:52 of 2nd period - Shot Misses the Net.
12:54 of 2nd period - Shot by Frans Nielsen.
12:54 of 2nd period - Stopped by Chad Johnson with a rebound.
12:56 of 2nd period - Shot by Pavel Datsyuk.
12:56 of 2nd period - Shot Misses the Net.
12:58 of 2nd period - Shot by Lubomir Visnovsky.
12:58 of 2nd period - Stopped by Chad Johnson without a rebound.
12:59 of 2nd period - Blake Wheeler wins face-off versus Sidney Crosby in Hurricanes zone.
13:08 of 2nd period - Shot by Sidney Crosby.
13:08 of 2nd period - Shot Misses the Net.
13:10 of 2nd period - Shot by Erik Gustafsson.
13:10 of 2nd period - Shot Misses the Net.
13:12 of 2nd period - Shot by Marc Staal.
13:12 of 2nd period - Stopped by Chad Johnson with a rebound.
13:14 of 2nd period - Shot by Gustav Nyquist.
13:14 of 2nd period - Shot Blocked by Brooks Orpik.
13:16 of 2nd period - Shot by Marc Staal.
13:16 of 2nd period - Stopped by Chad Johnson without a rebound.
13:17 of 2nd period - Frans Nielsen wins face-off versus Brian Boyle in Hurricanes zone.
13:43 of 2nd period - Shot by Patrick Sharp.
13:43 of 2nd period - Stopped by Chad Johnson without a rebound.
13:44 of 2nd period - Sidney Crosby wins face-off versus Brian Boyle in Hurricanes zone.
13:44 of 2nd period - Minor Penalty to Dustin Byfuglien for Tripping.
13:45 of 2nd period - Derek Roy wins face-off versus Sidney Crosby in Hurricanes zone.
14:08 of 2nd period - Shot by Gustav Nyquist.
14:08 of 2nd period - Stopped by Chad Johnson without a rebound.
14:09 of 2nd period - Derek Roy wins face-off versus Frans Nielsen in Hurricanes zone.
14:35 of 2nd period - Shot by Lubomir Visnovsky.
14:35 of 2nd period - Shot Misses the Net.
14:55 of 2nd period - Shot by Frans Nielsen.
14:55 of 2nd period - Deflect By Patrick Sharp.
14:55 of 2nd period - Shot Misses the Net.
15:34 of 2nd period - Shot by Sidney Crosby.
15:34 of 2nd period - Shot Misses the Net.
15:36 of 2nd period - Shot by Erik Gustafsson.
15:36 of 2nd period - Stopped by Chad Johnson with a rebound.
15:38 of 2nd period - Shot by Erik Gustafsson.
15:38 of 2nd period - Stopped by Chad Johnson without a rebound.
15:39 of 2nd period - Frans Nielsen wins face-off versus Blake Wheeler in Hurricanes zone.
15:52 of 2nd period - Icing by Dustin Byfuglien.
15:53 of 2nd period - Mason Raymond wins face-off versus Alex Chiasson in Hurricanes zone.
16:04 of 2nd period - Mason Raymond is hit by Ben Lovejoy and loses puck.
16:06 of 2nd period - Minor Penalty to Dustin Byfuglien for Holding.
16:07 of 2nd period - Brian Boyle wins face-off versus Sidney Crosby in Hurricanes zone.
16:35 of 2nd period - Minor Penalty to Blake Wheeler for Cross-checking.
16:36 of 2nd period - Frans Nielsen wins face-off versus James Neal in Hurricanes zone.
16:53 of 2nd period - Shot by Patrick Sharp.
16:53 of 2nd period - Shot Misses the Net.
16:55 of 2nd period - Shot by Duncan Keith.
16:55 of 2nd period - Shot Blocked by Brooks Orpik.
17:47 of 2nd period - Shot by Martin St. Louis.
17:47 of 2nd period - Shot Misses the Net.
17:49 of 2nd period - Shot by Sidney Crosby.
17:49 of 2nd period - Shot Misses the Net.
17:51 of 2nd period - Shot by Marc Staal.
17:51 of 2nd period - Stopped by Chad Johnson without a rebound.
17:52 of 2nd period - Sidney Crosby wins face-off versus James Neal in Hurricanes zone.
17:53 of 2nd period - Shot by Marc Staal.
17:53 of 2nd period - Stopped by Chad Johnson without a rebound.
17:54 of 2nd period - James Neal wins face-off versus Sidney Crosby in Hurricanes zone.
18:22 of 2nd period - Shot by Marc Staal.
18:22 of 2nd period - Deflect By Gustav Nyquist.
18:22 of 2nd period - Shot Blocked by Ben Lovejoy.
18:38 of 2nd period - Shot by Patrick Sharp.
18:38 of 2nd period - Stopped by Chad Johnson without a rebound.
18:39 of 2nd period - Frans Nielsen wins face-off versus Derek Roy in Hurricanes zone.
18:39 of 2nd period - Frans Nielsen is hit by Dustin Byfuglien.
18:57 of 2nd period - Shot by Pavel Datsyuk.
18:57 of 2nd period - Shot Misses the Net.
18:59 of 2nd period - Shot by Patrick Sharp.
18:59 of 2nd period - Goal by Patrick Sharp - Hurricanes : 2 - Senators : 3.
19:00 of 2nd period - Brad Richardson wins face-off versus Dave Bolland in neutral zone.
19:00 of 2nd period - Brad Richardson is hit by Dave Bolland.
19:09 of 2nd period - Blake Wheeler is hit by Jared Cowen.
19:18 of 2nd period - Dave Bolland is hit by Brooks Orpik and loses puck.
19:36 of 2nd period - Minor Penalty to Blake Wheeler for Holding.
19:37 of 2nd period - Brian Boyle wins face-off versus Frans Nielsen in Hurricanes zone.
19:50 of 2nd period - Shot by Duncan Keith.
19:50 of 2nd period - Shot Misses the Net.
19:52 of 2nd period - Shot by Lubomir Visnovsky.
19:52 of 2nd period - Shot Blocked by Dustin Byfuglien.
Goals for this period are 2 for Hurricanes vs 3 for Senators.
Shots for this period are 5 for Hurricanes vs 17 for Senators.

3rd period


0:01 of 3rd period - Derek Roy wins face-off versus Sidney Crosby in neutral zone.
0:19 of 3rd period - Gustav Nyquist is hit by Brooks Orpik and loses puck.
0:36 of 3rd period - Shot by Martin St. Louis.
0:36 of 3rd period - Stopped by Chad Johnson with a rebound.
1:20 of 3rd period - Shot by Duncan Keith.
1:20 of 3rd period - Shot Blocked by James Wisniewski.
1:22 of 3rd period - Shot by Frans Nielsen.
1:22 of 3rd period - Shot Blocked by Nick Foligno.
1:24 of 3rd period - Shot by Duncan Keith.
1:24 of 3rd period - Shot Misses the Net.
1:26 of 3rd period - Shot by Frans Nielsen.
1:26 of 3rd period - Shot Misses the Net.
1:28 of 3rd period - Shot by Patrick Sharp.
1:28 of 3rd period - Stopped by Chad Johnson without a rebound.
1:29 of 3rd period - Frans Nielsen wins face-off versus Derek Roy in Hurricanes zone.
1:46 of 3rd period - Shot by Dave Bolland.
1:46 of 3rd period - Deflect By Mason Raymond.
1:46 of 3rd period - Stopped by Chad Johnson without a rebound.
1:47 of 3rd period - Dave Bolland wins face-off versus Brian Boyle in Hurricanes zone.
1:47 of 3rd period - Mason Raymond is hit by Brooks Orpik and loses puck.
2:04 of 3rd period - Minor Penalty to James Neal for Holding.
2:05 of 3rd period - Sidney Crosby wins face-off versus Blake Wheeler in Hurricanes zone.
2:05 of 3rd period - Sidney Crosby is hit by Brooks Orpik.
2:35 of 3rd period - Shot by Martin St. Louis.
2:35 of 3rd period - Stopped by Chad Johnson without a rebound.
2:36 of 3rd period - Frans Nielsen wins face-off versus Blake Wheeler in Hurricanes zone.
2:36 of 3rd period - Patrick Sharp is hit by Brooks Orpik and loses puck.
2:39 of 3rd period - Shot by Duncan Keith.
2:39 of 3rd period - Shot Misses the Net.
2:41 of 3rd period - Shot by Frans Nielsen.
2:41 of 3rd period - Shot Blocked by Brooks Orpik.
2:45 of 3rd period - Shot by Duncan Keith.
2:45 of 3rd period - Shot Blocked by Brooks Orpik.
2:47 of 3rd period - Shot by Duncan Keith.
2:47 of 3rd period - Stopped by Chad Johnson without a rebound.
2:48 of 3rd period - Brian Boyle wins face-off versus Frans Nielsen in Hurricanes zone.
3:17 of 3rd period - Shot by Pavel Datsyuk.
3:17 of 3rd period - Shot Misses the Net.
3:21 of 3rd period - Shot by Frans Nielsen.
3:21 of 3rd period - Shot Misses the Net.
3:31 of 3rd period - Shot by Pavel Datsyuk.
3:31 of 3rd period - Shot Misses the Net.
3:33 of 3rd period - Shot by Lubomir Visnovsky.
3:33 of 3rd period - Shot Misses the Net.
4:07 of 3rd period - Shot by Dave Bolland.
4:07 of 3rd period - Shot Misses the Net.
4:17 of 3rd period - Shot by Mason Raymond.
4:17 of 3rd period - Shot Blocked by Raphael Diaz.
4:46 of 3rd period - Shot by Ron Hainsey.
4:46 of 3rd period - Shot Blocked by Raphael Diaz.
5:14 of 3rd period - Shot by Dustin Byfuglien.
5:14 of 3rd period - Stopped by Carey Price without a rebound.
5:15 of 3rd period - Martin St. Louis wins face-off versus Derek Roy in Senators zone.
5:28 of 3rd period - Shot by Nick Foligno.
5:28 of 3rd period - Deflect By Michael Frolik.
5:28 of 3rd period - Shot Misses the Net.
5:30 of 3rd period - Shot by Nick Foligno.
5:30 of 3rd period - Stopped by Carey Price with a rebound.
5:39 of 3rd period - Sidney Crosby is hit by Brooks Orpik and loses puck.
5:56 of 3rd period - Shot by Martin St. Louis.
5:56 of 3rd period - Stopped by Chad Johnson with a rebound.
7:49 of 3rd period - Icing by Blake Wheeler.
7:50 of 3rd period - James Neal wins face-off versus Sidney Crosby in Hurricanes zone.
7:50 of 3rd period - James Neal is hit by Gustav Nyquist.
8:19 of 3rd period - Shot by Gustav Nyquist.
8:19 of 3rd period - Shot Misses the Net.
8:20 of 3rd period - Minor Penalty to Dustin Byfuglien for Interference.
8:21 of 3rd period - Frans Nielsen wins face-off versus Brian Boyle in Hurricanes zone.
9:26 of 3rd period - Shot by Duncan Keith.
9:26 of 3rd period - Stopped by Chad Johnson without a rebound.
9:27 of 3rd period - Sidney Crosby wins face-off versus Blake Wheeler in Hurricanes zone.
9:32 of 3rd period - Shot by Martin St. Louis.
9:32 of 3rd period - Stopped by Chad Johnson without a rebound.
9:33 of 3rd period - Frans Nielsen wins face-off versus Blake Wheeler in Hurricanes zone.
10:23 of 3rd period - Shot by Dave Bolland.
10:23 of 3rd period - Shot Blocked by Dustin Byfuglien.
11:35 of 3rd period - Shot by Martin St. Louis.
11:35 of 3rd period - Shot Blocked by Raphael Diaz.
11:41 of 3rd period - Gustav Nyquist is hit by Blake Wheeler and loses puck.
11:48 of 3rd period - Shot by James Neal.
11:48 of 3rd period - Shot Misses the Net.
12:07 of 3rd period - Icing by Raphael Diaz.
12:08 of 3rd period - Frans Nielsen wins face-off versus Brad Richardson in Hurricanes zone.
12:21 of 3rd period - Shot by Frans Nielsen.
12:21 of 3rd period - Stopped by Chad Johnson without a rebound.
12:22 of 3rd period - Derek Roy wins face-off versus Dave Bolland in Hurricanes zone.
12:28 of 3rd period - Off-side.
12:29 of 3rd period - Frans Nielsen wins face-off versus Derek Roy in neutral zone.
13:54 of 3rd period - Shot by Gustav Nyquist.
13:54 of 3rd period - Stopped by Chad Johnson with a rebound.
13:57 of 3rd period - Icing by Dustin Byfuglien.
13:58 of 3rd period - Dave Bolland wins face-off versus Brandon McMillan in Hurricanes zone.
14:10 of 3rd period - Ron Hainsey is hit by Patrick Maroon and loses puck.
14:21 of 3rd period - Blake Wheeler is hit by Dave Bolland and loses puck.
14:30 of 3rd period - Shot by Ron Hainsey.
14:30 of 3rd period - Shot Blocked by Raphael Diaz.
14:32 of 3rd period - Shot by Jared Cowen.
14:32 of 3rd period - Stopped by Chad Johnson without a rebound.
14:33 of 3rd period - Sidney Crosby wins face-off versus Derek Roy in Hurricanes zone.
14:56 of 3rd period - Shot by Sidney Crosby.
14:56 of 3rd period - Deflect By Gustav Nyquist.
14:56 of 3rd period - Stopped by Chad Johnson without a rebound.
14:57 of 3rd period - Frans Nielsen wins face-off versus Brad Richardson in Hurricanes zone.
15:08 of 3rd period - Shot by Frans Nielsen.
15:08 of 3rd period - Deflect By Patrick Sharp.
15:08 of 3rd period - Shot Misses the Net.
15:10 of 3rd period - Shot by Frans Nielsen.
15:10 of 3rd period - Shot Misses the Net.
15:12 of 3rd period - Shot by Frans Nielsen.
15:12 of 3rd period - Shot Misses the Net.
15:14 of 3rd period - Shot by Jan Hejda.
15:14 of 3rd period - Shot Misses the Net.
15:16 of 3rd period - Shot by Pavel Datsyuk.
15:16 of 3rd period - Shot Misses the Net.
15:18 of 3rd period - Shot by Jan Hejda.
15:18 of 3rd period - Stopped by Chad Johnson without a rebound.
15:19 of 3rd period - Sidney Crosby wins face-off versus Derek Roy in Hurricanes zone.
15:20 of 3rd period - Shot by Martin St. Louis.
15:20 of 3rd period - Shot Blocked by Brooks Orpik.
15:44 of 3rd period - Shot by Nick Foligno.
15:44 of 3rd period - Deflect By Michael Frolik.
15:44 of 3rd period - Shot Blocked by Lubomir Visnovsky.
15:50 of 3rd period - Shot by Michael Frolik.
15:50 of 3rd period - Stopped by Carey Price without a rebound.
15:51 of 3rd period - Brad Richardson wins face-off versus Frans Nielsen in Senators zone.
17:03 of 3rd period - Shot by Gustav Nyquist.
17:03 of 3rd period - Stopped by Chad Johnson without a rebound.
17:04 of 3rd period - Brandon McMillan wins face-off versus Dave Bolland in Hurricanes zone.
17:15 of 3rd period - Shot by Patrick Maroon.
17:15 of 3rd period - Deflect By Brandon McMillan.
17:15 of 3rd period - Shot Misses the Net.
17:17 of 3rd period - Shot by Raphael Diaz.
17:17 of 3rd period - Shot Misses the Net.
17:19 of 3rd period - Shot by Raphael Diaz.
17:19 of 3rd period - Shot Blocked by Ron Hainsey.
17:23 of 3rd period - Shot by Brandon McMillan.
17:23 of 3rd period - Deflect By Patrick Maroon.
17:23 of 3rd period - Goal by Patrick Maroon - Hurricanes : 3 - Senators : 3.
17:24 of 3rd period - Sidney Crosby wins face-off versus Derek Roy in neutral zone.
17:37 of 3rd period - Shot by Sidney Crosby.
17:37 of 3rd period - Stopped by Chad Johnson without a rebound.
17:38 of 3rd period - Brad Richardson wins face-off versus Dave Bolland in Hurricanes zone.
17:38 of 3rd period - Brad Richardson is hit by Dave Bolland.
17:43 of 3rd period - Off-side.
17:44 of 3rd period - Sidney Crosby wins face-off versus Derek Roy in neutral zone.
17:53 of 3rd period - Shot by Michael Frolik.
17:53 of 3rd period - Stopped by Carey Price without a rebound.
17:54 of 3rd period - Brad Richardson wins face-off versus Frans Nielsen in Senators zone.
17:54 of 3rd period - James Neal is hit by Jan Hejda and loses puck.
17:55 of 3rd period - Minor Penalty to Jan Hejda for Slashing.
17:56 of 3rd period - Pavel Datsyuk wins face-off versus Brian Boyle in Senators zone.
18:15 of 3rd period - Shot by Blake Wheeler.
18:15 of 3rd period - Shot Blocked by Ron Hainsey.
18:17 of 3rd period - Shot by Dustin Byfuglien.
18:17 of 3rd period - Stopped by Carey Price with a rebound.
18:19 of 3rd period - Shot by Dustin Byfuglien.
18:19 of 3rd period - Shot Misses the Net.
18:21 of 3rd period - Shot by Brian Boyle.
18:21 of 3rd period - Stopped by Carey Price without a rebound.
18:22 of 3rd period - Pavel Datsyuk wins face-off versus Derek Roy in Senators zone.
18:43 of 3rd period - Shot by James Wisniewski.
18:43 of 3rd period - Stopped by Carey Price without a rebound.
18:44 of 3rd period - Pavel Datsyuk wins face-off versus Brian Boyle in Senators zone.
18:44 of 3rd period - Pavel Datsyuk is hit by Brian Boyle.
19:39 of 3rd period - Shot by Derek Roy.
19:39 of 3rd period - Shot Misses the Net.
19:41 of 3rd period - Shot by James Wisniewski.
19:41 of 3rd period - Shot Blocked by Jared Cowen.
19:45 of 3rd period - Shot by James Wisniewski.
19:45 of 3rd period - Shot Misses the Net.
19:47 of 3rd period - Shot by Ben Lovejoy.
19:47 of 3rd period - Shot Misses the Net.
19:49 of 3rd period - Shot by Derek Roy.
19:49 of 3rd period - Shot Misses the Net.
19:51 of 3rd period - Shot by James Wisniewski.
19:51 of 3rd period - Shot Misses the Net.
19:53 of 3rd period - Shot by Ben Lovejoy.
19:53 of 3rd period - Shot Misses the Net.
19:55 of 3rd period - Shot by James Wisniewski.
19:55 of 3rd period - Stopped by Carey Price with a rebound.
19:57 of 3rd period - Shot by Brooks Orpik.
19:57 of 3rd period - Shot Blocked by Marc Staal.
19:59 of 3rd period - Shot by Brooks Orpik.
19:59 of 3rd period - Shot Misses the Net.
Goals for this period are 1 for Hurricanes vs 0 for Senators.
Shots for this period are 9 for Hurricanes vs 15 for Senators.

Overtime #1


0:01 of 1st overtime period - Sidney Crosby wins face-off versus Nick Foligno in neutral zone.
0:41 of 1st overtime period - Shot by Martin St. Louis.
0:41 of 1st overtime period - Deflect By Sidney Crosby.
0:41 of 1st overtime period - Goal by Sidney Crosby - Hurricanes : 3 - Senators : 4.
Goals for this period are 0 for Hurricanes vs 1 for Senators.
Shots for this period are 0 for Hurricanes vs 1 for Senators.


Output by the SimonT Hockey Simulator (STHS) for Stephane Roy -- Original Page W3C XHTML 1.0 Valid
Hockey Simulator - Hockey Simulation - Hockey Manager